 Dungeon Crawl Stone Soup version 0.29-a0-723-gce39da1c22 (webtiles) character file.

Game seed: 6487679059463889618

455 Patoropollo the Trooper (level 7, -26/61 HPs)
             Began as a Hill Orc Fighter on June 28, 2022.
             Was an Initiate of Beogh.
             Annihilated by an ogre
             ... wielding a +0 giant spiked club
              (27 damage)
             ... on level 5 of the Dungeon.
             The game lasted 00:07:16 (3686 turns).

Patoropollo the Trooper (Hill Orc Fighter)          Turns: 3686, Time: 00:07:16

Health: -26/61     AC: 11    Str: 21    XL:     7   Next: 5%
Magic:  7/7        EV:  9    Int:  8    God:    Beogh [......]
Gold:   221        SH:  5    Dex: 10    Spells: 6/6 levels left

rFire   . . .      SeeInvis .   a - +0 war axe
rCold   . . .      Faith    .   c - +0 buckler
rNeg    . . .      Spirit   .   b - +0 scale mail
rPois   .          Reflect  .   l - +2 helmet
rElec   .          Harm     .   (no cloak)
rCorr   .          Rampage  .   g - +0 pair of gloves
Will    .....                   (no boots)
Stlth   ..........              (no amulet)
HPRegen 0.20/turn               e - +4 ring of slaying
MPRegen 0.10/turn               (no ring)

@: mighty
A: no striking features
a: Renounce Religion


You were on level 5 of the Dungeon.
You worshipped Beogh.
Beogh was noncommittal.
You visited 1 branch of the dungeon, and saw 5 of its levels.

You collected 221 gold pieces.

Inventory:

Hand Weapons
 a - a +0 war axe (weapon)
 x - a +0 morningstar of draining
Armour
 b - a +0 scale mail (worn)
 c - a +0 buckler (worn)
 g - a +0 pair of gloves (worn)
 l - a +2 helmet (worn)
Jewellery
 e - a +4 ring of slaying (left hand)
 u - a ring of ice
Wands
 y - a wand of digging (3)
Scrolls
 f - a scroll of fear {unknown}
 o - a scroll of enchant weapon {unknown}
 p - a scroll of summoning {unknown}
 q - a scroll of blinking {unknown}
 r - a scroll of identify {unknown}
 t - a scroll of vulnerability {unknown}
 v - 3 scrolls of fog {unknown}
 w - a scroll of silence {unknown}
Potions
 h - a potion of lignification {unknown}
 i - a potion of curing {unknown}
 j - a potion of resistance {unknown}
 k - 2 potions of brilliance {unknown}
 m - 3 potions of degeneration {unknown}
 n - a potion of haste {unknown}
 s - a potion of heal wounds {unknown}
 z - a potion of attraction {unknown}
 A - a potion of ambrosia {unknown}
 B - a potion of flight {unknown}


   Skills:
 + Level 5.6 Fighting
 + Level 5.4 Axes
 + Level 5.0 Armour
 + Level 5.0 Shields


You had 6 spell levels left.
You didn't know any spells.
Your spell library was empty.

Dungeon Overview and Level Annotations

Branches:
Dungeon (5/15)
 Temple: D:4-7

Altars:

Shops:
D:2 (![?[


Message History

You hit Edmund.
Edmund is heavily wounded.
Edmund closely misses you.
You slash Edmund!
Edmund is severely wounded.
You block Edmund's attack.
Edmund hits you with a +2 flail of draining.
You feel drained.
You hit Edmund.
Edmund is almost dead.
Edmund gestures with his flail.
Edmund hits you but does no damage.
You feel drained.
You slice Edmund!!
You kill Edmund!
Beogh accepts your kill. You block the adder's attack.
Your Axes skill increases to level 5!
You slice the adder!!
You kill the adder!
Beogh accepts your kill.
You slice the ogre!!
The ogre is almost dead.
The ogre hits you with a +0 giant spiked club!!
Ouch! That really hurt!
* * * LOW HITPOINT WARNING * * *
You barely miss the ogre.
The ogre is almost dead.
The ogre hits you with a +0 giant spiked club!
* * * LOW HITPOINT WARNING * * *
You slice the ogre!!
You kill the ogre!
Beogh accepts your kill.
Your life force feels restored.
Your Armour skill increases to level 5!
Your Shields skill increases to level 5!
You have reached level 7!
You slice the ogre!!
The ogre is severely wounded.
The ogre hits you with a +0 giant spiked club!!
You die...

#...#)....#.###
#........
#.......#..|. .
.........
#.......#S## .
####.........
#.......# . #.......
.... ####..#..# #
#.(...# #.#. #).##
.o.. # #.....#
#.#.#####S## ....
####.....#
#.#..##..O# ...
.........#
#.##@##O### ..
####.....####.##O#..#
. .#
#.....##.....[..##
..##........##.....#
#...........##.....#
###.........##.....#
#######...##.....#
#)..##.....#
#...##.....#


You could see an ogre.

Vanquished Creatures
  Edmund (D:5)
  2 ogres
  7 adders
  2 worms (D:2)
  3 dart slugs (D:1)
  8 orcs
  8 ball pythons
  9 endoplasms
  A giant cockroach (D:1)
  9 goblins
  5 hobgoblins
  3 jackals (D:1)
  A quokka (D:1)
  11 bats
  6 frilled lizards
  9 kobolds
  9 rats
94 creatures vanquished.

Notes
Turn   | Place    | Note
-------+----------+-------------------------------------------
     0 | D:1      | Patoropollo the Hill Orc Fighter began the quest for the
                  | Orb.
     0 | D:1      | Reached XP level 1. HP: 19/19 MP: 1/1
    51 | D:1      | Reached XP level 2. HP: 20/27 MP: 2/2
   623 | D:1      | Reached XP level 3. HP: 33/33 MP: 3/3
   702 | D:1      | Noticed a shining eye
   706 | D:1      | Noticed an eye of devastation
   822 | D:1      | Noticed a golden eye
   824 | D:1      | Found a faded altar of an unknown god.
   827 | D:1      | Noticed a golden eye
  1083 | D:2      | Found Vorchyr's Antique Weapon Shop.
  1160 | D:2      | Found Qun Taq's Distillery.
  1177 | D:2      | Reached XP level 4. HP: 41/41 MP: 4/4
  1182 | D:2      | Found Danlon's Armour Shoppe.
  1372 | D:2      | Found Jaro's Armour Shop.
  1824 | D:2      | Found Sopue's Magic Scroll Emporium.
  2447 | D:3      | Reached XP level 5. HP: 47/47 MP: 5/5
  2454 | D:3      | Became a worshipper of Beogh the Brigand
  3301 | D:4      | Noticed an ogre
  3306 | D:4      | Killed an ogre
  3307 | D:4      | Reached skill level 5 in Fighting
  3536 | D:4      | Reached XP level 6. HP: 56/56 MP: 6/6
  3607 | D:5      | Entered Level 5 of the Dungeon
  3651 | D:5      | Noticed Edmund
  3681 | D:5      | Killed Edmund
  3682 | D:5      | Reached skill level 5 in Axes
  3684 | D:5      | HP: 1/52 [ogre/+0 giant spiked club (9)]
  3686 | D:5      | Reached skill level 5 in Armour
  3686 | D:5      | Reached skill level 5 in Shields
  3686 | D:5      | Reached XP level 7. HP: 1/61 MP: 7/7
  3686 | D:5      | Annihilated by an ogre

Illustrated notes

Levels and vault maps discovered:
D:1:      ncdulo_smallfort, layout_loops_ring,
          hellmonk_ecumenical_altar_watching_god
D:2:      layout_basic, serial_shops, nicolae_shop_behind_doors,
          nicolae_shop_trees, nicolae_shop_crystal, shop,
          nicolae_shop_waterfront, st_stairs_9, serial_park_tiny_1,
          minmay_tetromino_o2
D:3:      layout_loops_corners, st_stairs_4
D:4:      layout_cave_pods
D:5:      layout_rooms, nemelex_dance_club_becter, lemuel_doored_altar,
          minmay_temple_entry_slanted, minmay_checkerbox, uniq_blork_the_orc,
          uniq_edmund

Skill      XL: |  1  2  3  4  5  6 |
---------------+-------------------+-----
Axes           | 3 4 5 |  5.4
Fighting       | 4 5 |  5.6
Armour         | 4 5 |  5.0
Shields        | 4 5 |  5.0

Action                   |  1- 3 |  4- 6 |  7- 9 || total
-------------------------+-------+-------+-------++-------
Melee: War axe           |    81 |   111 |     1 ||   193
Invok: Convert to Beogh  |       |     1 |       ||     1
  Use: Potion            |       |     1 |       ||     1
Armor: Scale mail        |    47 |    56 |       ||   103
Dodge: Dodged            |    25 |    50 |       ||    75
Block: Buckler           |    18 |    26 |       ||    44

Table legend: (Time is in decaauts)
 A = Elapsed time spent in this place.
 B = Non-inter-level travel time spent in this place.
 C = Inter-level travel time spent in this place.
 D = Time resting spent in this place.
 E = Time spent auto-exploring this place.
 F = Levels seen in this place.
 G = Mean time per level.
                   A        B        C        D        E       F      G
               +--------+--------+--------+--------+--------+-----+--------+
         Total |   3751 |   3622 |    129 |      0 |   2996 |   5 |  750.2 |
       Dungeon |   3751 |   3622 |    129 |      0 |   2996 |   5 |  750.2 |
               +--------+--------+--------+--------+--------+-----+--------+

Top non-repeatable levels by time:
     D:2: 993 daAuts
     D:3: 963 daAuts
     D:1: 940 daAuts
     D:4: 766 daAuts
     D:5: 87 daAuts
